 Dungeon Crawl Stone Soup version 0.29-a0-275-g389c0b56f3 (webtiles) character file.

Game seed: 5306438599049435611

5030 spaghetti the Slicer (level 10, -1/63 HPs)
             Began as an Octopode Chaos Knight on Mar 11, 2022.
             Was a Plaything of Xom.
             Slain by a komodo dragon (16 damage)
             ... on level 1 of the Lair of Beasts.
             The game lasted 00:13:48 (6818 turns).

spaghetti the Slicer (Octopode Chaos Knight)        Turns: 6818, Time: 00:13:50

Health: -1/63      AC:  7    Str: 10    XL:     10   Next: 55%
Magic:  10/10      EV: 21    Int: 14    God:    Xom [....*.]
Gold:   456        SH:  0    Dex: 22    Spells: 9/9 levels left

rFire   + + .      SeeInvis .   a - +2 rapier (venom) {short}
rCold   . . .      Faith    .   (no shield)
rNeg    . . .      Spirit   .   (helmet restricted)
rPois   .          Reflect  .   (no amulet)
rElec   .          Harm     .   h - +6 ring of dexterity
rCorr   .          Rampage  .   l - ring of protection from fire
Will    .....                   n - +4 ring of evasion
Stlth   +++.......              r - +4 ring of protection
HPRegen 0.20/turn               c - ring of protection from fire
MPRegen 0.12/turn               (no ring)
                                (no ring)
                                (no ring)

@: unable to read
A: almost no armour, amphibious, 8 rings, camouflage 1, gelatinous body 1,
(nimble swimmer 1), tentacles, beak, iridescent scales 1, weak 1, inability to
read while threatened
a: Renounce Religion


You were on level 1 of the Lair of Beasts.
You worshipped Xom.
You were a beloved toy of Xom.
You visited 2 branches of the dungeon, and saw 10 of its levels.

You collected 456 gold pieces.


Innate Abilities, Weirdness & Mutations

You cannot wear most types of armour.
You are amphibious.
You can wear up to eight rings at the same time.
Your skin changes colour to match your surroundings (Stealth+).
Your rubbery body absorbs attacks. (AC +1, EV +1)
((You are camouflaged when in or above water. (Stealth+)))
You have tentacles for arms and can constrict up to eight enemies at once.
You have a beak for a mouth.
You are partially covered in iridescent scales. (AC +2)
You are weak. (Str -2)
You sometimes lose the ability to read scrolls when taking damage.


   Skills:
 - Level 3.1 Fighting
 - Level 14.0 Short Blades
 - Level 3.9 Axes
 + Level 5.4 Dodging


You had 9 spell levels left.
You didn't know any spells.
Your spell library contained the following spells:

 Spells                   Type           Power      Damage    Failure   Level
 Conjure Flame            Conj/Fire      0%         6-21      65%         3
 Ignite Poison            Fire/Tmut/Pois 0%         N/A       65%         3
 Mephitic Cloud           Conj/Pois/Air  0%         N/A       65%         3
 Portal Projectile        Hex/Tloc       0%         N/A       65%         3
 Sticky Flame             Conj/Fire      0%         2d3       96%         4
 Blade Hands              Tmut           0%         N/A       100%        5
 Excruciating Wounds      Necr           0%         N/A       100%        5
 Freezing Cloud           Conj/Ice/Air   0%         6-21      100%        5

Inventory:

Hand Weapons
 a - a +2 rapier of venom (weapon) {short}
   (You found it on level 2 of the Dungeon)
 b - a +0 shortbow of freezing {bow}
   (You took it off a centaur on level 6 of the Dungeon)
 g - a +0 rapier of chaos {short}
   (You took it off Eustachio on level 4 of the Dungeon)
 q - a +0 hand axe of chaos {axe}
Missiles
 f - 193 stones (quivered) {throwing}
 k - 2 throwing nets {=f!fthrowing}
 p - 6 poisoned darts {throwing}
Jewellery
 c - a ring of protection from fire (on tentacle)
   (You found it on level 6 of the Dungeon)
 e - an amulet of the acrobat
   (You found it on level 6 of the Dungeon)
 h - a +6 ring of dexterity (left tentacle)
   (You found it on level 1 of the Dungeon)
 l - a ring of protection from fire (right tentacle)
   (You found it on level 1 of the Dungeon)
 n - a +4 ring of evasion (on tentacle)
   (You found it on level 1 of the Dungeon)
 r - a +4 ring of protection (on tentacle)
   (You found it on level 2 of the Dungeon)
Wands
 j - a wand of flame (3)
   (You found it on level 6 of the Dungeon)
 w - a wand of polymorph (6)
   (You found it on level 7 of the Dungeon)
Scrolls
 d - a scroll of immolation {!r!r}
 i - a scroll of magic mapping {!r}
 o - a scroll of enchant weapon
 s - a scroll of identify {@r1}
 u - 2 scrolls of enchant armour
 v - 3 scrolls of teleportation {@r4}
Potions
 t - 3 potions of flight
Miscellaneous
 y - a condenser vane (inert)
   (You found it on level 1 of the Lair of Beasts)

Dungeon Overview and Level Annotations

Branches:
Dungeon (9/15)               Lair (2/6) D:9
 Temple: D:4-7        Swamp: Lair:2-4    Shoals: Lair:2-4     Snake: Lair:2-4
 Spider: Lair:2-4       Orc: D:9-12

Altars:
Cheibriados
Fedhas
Gozag
Ru
Trog
Vehumet
Wu Jian

Shops:
D:6 (

Annotations:
D:3 1 runed translucent door, pigah's ghost, amateur OpAE
Lair:1 exclusion: 3 doors
Lair:2 exclusion: oklob plant

#.......####.........
#.......+.###........
#...........#........
#.......##..#........
##.....".###.+........
#........# ###........
##...^...## #........
#.........# ######.##
##...@l..## ###
#.####### ###


You could see a komodo dragon.


Message History

Unknown command.
Unknown command.
You release your grip on the cane toad.
You feel sick. 😨 HP[-2]
You take 2 damage, and now have 17/63 hp.
You are quite poisoned (17 -> 8).
Your actions are hasted.
You cannot read scrolls.
You have 6 tentacles available for constriction.
Your movement speed is very quick.
Your attack delay is about 0.3 (and cannot be improved with additional weapon skill).
Your base attributes are Str 12, Int 14, Dex 16.
You feel sick. 😱 HP[-2]
You take 2 damage, and now have 15/63 hp.
You feel sick. 😱 HP[-1]
You take 1 damage, and now have 14/63 hp.
You feel sick. 😱 HP[-1]
You take 1 damage, and now have 13/63 hp.
You feel sick. 😱 HP[-1]
You take 1 damage, and now have 12/63 hp.
You feel sick. 😱 HP[-1]
You take 1 damage, and now have 11/63 hp.
Xom's generous nature manifests itself.
Something appears before you!
You see here a scroll of teleportation {@r4}. 😱 HP[+1]
You feel sick. 😱 HP[-1]
You take 1 damage, and now have 11/63 hp.
You can read scrolls again.
You feel sick. 😱 HP[-1]
You take 1 damage, and now have 10/63 hp.
You feel sick.
There is a stone staircase leading up here. 😱 HP[-1]
You take 1 damage, and now have 9/63 hp.
You feel sick.
You are no longer poisoned.
You climb upwards.
Level annotation: exclusion: 3 doors
There is a stone staircase leading down here. 😱 HP[-1]
You take 1 damage, and now have 8/63 hp.
Unknown command.
Unknown command.
You start resting.
A six-headed hydra is nearby! 😱 HP[+1] Unknown command.
Xom twists space around you.
Your surroundings suddenly seem different.
Your surroundings suddenly seem different.
Your surroundings suddenly seem different.
Your surroundings suddenly seem different. 😱 HP[+1] Unknown command.
Unknown command.
Unknown command.
(D) Dungeon (L) Lair
Where to? (Enter - Lair:2, ? - help)
There is an open door here.
Your extra speed is starting to run out.
There is an open door here.
You feel yourself slow down.
There is a shaft here.
There is a staircase back to the Dungeon, spattered with blood here.
You climb upwards.
Welcome back to the Dungeon!
The bullfrog hits the plant!
The plant begins to die.
A bullfrog comes into view.
The orc priest hits the plant with a +0 dagger.
The plant begins to die.
The komodo dragon completely misses you.
The orc warrior hits the plant with a +0 short sword!
The bullfrog hits the plant.
The wyvern bites the fungus!
The fungus begins to die.
The bullfrog hits the plant.
The plant begins to die.
There is a staircase to the Lair here. 😱 HP[+5]
You regained 5 hp, and now have 15/63 hp.
There are monsters nearby!
Unknown command.
There are monsters nearby!
The bullfrog hits the fungus.
The fungus begins to die.
The bullfrog hits the fungus.
The fungus begins to die.
The bullfrog hits the plant.
The wyvern bites the plant.
The plant begins to die.
The komodo dragon closely misses you.
The orc priest hits the fungus with a +0 dagger.
The fungus begins to die.
The yak gores the plant!!
The plant begins to die.
The scorpion stings the plant!
You climb downwards.
Welcome back to the Lair of Beasts!
Level annotation: exclusion: 3 doors
There is a staircase back to the Dungeon, spattered with blood here.
You completely miss the komodo dragon. The komodo dragon bites you!
You feel threatened and lose the ability to read scrolls!
You die...
Xom thinks this is hilarious!

Skill      XL: |  1  2  3  4  5  6  7  8  9 10 |
---------------+-------------------------------+-----
Short Blades   | 1 3 5 6 8 10 13 14 | 14.0
Dodging        | 5 |  5.4
Fighting       | |  3.1
Axes           | |  3.9

Action                   |  1- 3 |  4- 6 |  7- 9 | 10-12 || total
-------------------------+-------+-------+-------+-------++-------
Melee: Hand axe          |    41 |       |       |       ||    41
       Tentacles         |    14 |    13 |    35 |     3 ||    65
       Constrict         |    19 |    22 |    30 |     1 ||    72
       Rapier            |    24 |    74 |   157 |    44 ||   299
       Punch             |       |     2 |     6 |     2 ||    10
       Peck              |       |       |    39 |     5 ||    44
 Fire: Shortbow          |       |       |     3 |       ||     3
Throw: Stone             |       |    23 |   109 |    11 ||   143
       Dart              |       |     2 |       |       ||     2
Evoke: Piece from Xom's  |     4 |       |       |       ||     4
       Wand              |       |       |     3 |       ||     3
       Condenser vane    |       |       |     1 |     1 ||     2
  Use: Scroll            |     1 |     7 |     4 |       ||    12
       Potion            |       |       |    15 |     2 ||    17
 Stab: Sleeping          |     8 |     6 |       |     1 ||    15
       Confused          |       |       |     1 |       ||     1
       Distracted        |       |       |     1 |       ||     1
       Paralysed         |       |       |     1 |       ||     1
Armor: Skin              |     6 |    15 |    51 |    38 ||   110
Dodge: Dodged            |    42 |    35 |   130 |    14 ||   221

Levels and vault maps discovered:
D:1:      psy_arrival_wood_between_worlds, layout_rooms, basic_ecumenical_altar,
          minmay_indecisive_spiral
D:2:      layout_basic
D:3:      layout_loops_ring, amcnicky_altar_gilded,
          hellmonk_ghost_happy_afterlife, nicolae_underground_beach
D:4:      layout_rooms, trog_hazing_becter, nicolae_ru_awakened_eye,
          mainiacjoe_overflow_boulevard, cheibriados_altar_1,
          minmay_misc_feat_rugged, item_on_display_a, uniq_eustachio,
          uniq_robin, uniq_crazy_yiuf_cottage
D:5:      layout_rooms, fiery_altar_vehumet
D:6:      layout_loops_ring, nicolae_overflow_hidden_temple, serial_shops,
          nicolae_shop_behind_doors
D:7:      layout_rooms, minmay_temple_entry_enclosed_plants
D:9:      layout_basic, lemuel_crystal_altar, due_lair_maze_entry_diamond,
          orc_0_dummy, uniq_pikel, uniq_harold
Lair:1:   layout_roguey
Lair:2:   layout_gridlike, lemuel_oklob_altar, grunt_megastairs_1,
          lemuel_fruit_tree

Notes
Turn   | Place    | Note
-------+----------+-------------------------------------------
     0 | D:1      | spaghetti the Octopode Chaos Knight began the quest for the
                  | Orb.
     0 | D:1      | Reached XP level 1. HP: 16/16 MP: 1/1
     0 | D:1      | magus.rc [v1.9.6]
    40 | D:1      | XOM: silly message
    89 | D:1      | XOM: potion effect (haste)
   268 | D:1      | Reached XP level 2. HP: 21/21 MP: 2/2
   304 | D:1      | Found a faded altar of an unknown god.
   346 | D:1      | XOM: divination: detect creatures
   430 | D:1      | Reached XP level 3. HP: 17/26 MP: 3/3
   526 | D:1      | XOM: silly message
   613 | D:1      | XOM: divination: detect items
   692 | D:1      | XOM: silly message
  1069 | D:2      | Reached skill level 1 in Short Blades
  1238 | D:2      | XOM: divination: detect creatures
  1594 | D:2      | XOM: silly message
  1683 | D:3      | Noticed pigah's ghost (amateur OpAE)
  1698 | D:3      | Reached XP level 4. HP: 31/31 MP: 4/4
  1708 | D:3      | Found a runed translucent door.
  1789 | D:3      | Reached skill level 2 in Short Blades
  1906 | D:3      | Found a blossoming altar of Fedhas.
  2198 | D:3      | You add the spells Conjure Flame, Ignite Poison and Sticky
                  | Flame to your library.
  2226 | D:4      | Noticed a necrophage
  2227 | D:4      | Found a sacrificial altar of Ru.
  2228 | D:4      | XOM: scenery: summon butterflies
  2234 | D:4      | Killed a necrophage
  2235 | D:4      | Reached skill level 3 in Short Blades
  2235 | D:4      | Reached XP level 5. HP: 25/36 MP: 5/5
  2467 | D:4      | Noticed Eustachio
  2471 | D:4      | Killed Eustachio
  2472 | D:4      | Reached skill level 5 in Short Blades
  2472 | D:4      | Reached XP level 6. HP: 28/42 MP: 4/6
  2539 | D:4      | XOM: give mutations
  2539 | D:4      | Gained mutation: You are partially covered in iridescent
                  | scales. (AC +2) [Xom's grace]
  2539 | D:4      | Gained mutation: You have hidden genetic potential. [Xom's
                  | grace]
  2573 | D:4      | Found an ornate altar of the Wu Jian Council.
  2580 | D:4      | XOM: cast spell 'Alistair's Intoxication'
  2675 | D:4      | Noticed Robin
  2689 | D:4      | Killed Robin
  2693 | D:4      | Reached skill level 6 in Short Blades
  2711 | D:4      | Reached XP level 7. HP: 25/46 MP: 7/7
  2903 | D:4      | Gained mutation: You have a beak for a mouth. [hidden
                  | potential]
  2983 | D:4      | Found a snail-covered altar of Cheibriados.
  3017 | D:4      | You add the spells Mephitic Cloud and Freezing Cloud to
                  | your library.
  3053 | D:4      | Found a runed translucent door.
  3054 | D:4      | Noticed Crazy Yiuf
  3107 | D:4      | Found a bloodstained altar of Trog.
  3158 | D:4      | XOM: summons 4 hostile demons
  3159 | D:4      | Noticed a chaos spawn
  3417 | D:4      | XOM: swap monsters
  3423 | D:4      | Killed Crazy Yiuf
  3535 | D:5      | Entered Level 5 of the Dungeon
  3557 | D:5      | Reached skill level 7 in Short Blades
  3685 | D:5      | XOM: summons 4 hostile demons
  3686 | D:5      | Noticed a rust devil
  3689 | D:5      | Found a radiant altar of Vehumet.
  3814 | D:6      | XOM: swap monsters
  3826 | D:6      | HP: 11/46 [poisoned by an orc]
  3831 | D:6      | HP: 6/46 [poisoned by an orc]
  3921 | D:6      | XOM: give mutations
  3921 | D:6      | Lost mutation: You have hidden genetic potential. [Xom's
                  | mischief]
  3921 | D:6      | Gained mutation: You are weak. (Str -2) [Xom's mischief]
  3921 | D:6      | Gained mutation: You sometimes lose the ability to read
                  | scrolls when taking damage. [Xom's mischief]
  4120 | D:6      | Found Taigamov's Antique Weapon Emporium.
  4307 | D:6      | XOM: potion effect (might)
  4312 | D:6      | HP: 11/46 [centaur/arrow (7)]
  4312 | D:6      | Xom revived you
  4312 | D:6      | HP: 5/46 [centaur/arrow (2)]
  4316 | D:6      | XOM: silly message
  4318 | D:6      | HP: 10/46 [centaur (3)]
  4319 | D:6      | XOM: silly message
  4322 | D:6      | Reached skill level 8 in Short Blades
  4322 | D:6      | Reached XP level 8. HP: 15/52 MP: 8/8
  4642 | D:6      | XOM: 4-stop teleportation journey
  4728 | D:6      | XOM: divination: magic mapping
  4931 | D:7      | You pick up a book of Weapons and begin reading...
  4931 | D:7      | You add the spells Portal Projectile, Excruciating Wounds
                  | and Blade Hands to your library.
  4944 | D:7      | XOM: polymorph centaur -> water moccasin
  4950 | D:7      | Reached skill level 9 in Short Blades
  5071 | D:7      | You fall into a shaft and drop 2 floors!
  5071 | D:9      | Noticed a yak
  5071 | D:9      | Noticed a komodo dragon
  5071 | D:9      | Found a staircase to the Lair.
  5072 | D:9      | Noticed a wyvern
  5074 | Lair:1   | Entered Level 1 of the Lair of Beasts
  5147 | Lair:1   | Noticed a komodo dragon
  5157 | Lair:1   | Killed a komodo dragon
  5158 | Lair:1   | Reached skill level 10 in Short Blades
  5198 | Lair:1   | Noticed a komodo dragon
  5211 | Lair:1   | HP: 9/52 [komodo dragon (23)]
  5211 | Lair:1   | XOM: butterfly on damage
  5213 | Lair:1   | Killed a komodo dragon
  5214 | Lair:1   | Reached XP level 9. HP: 10/56 MP: 9/9
  5258 | Lair:1   | Reached skill level 11 in Short Blades
  5500 | Lair:1   | Noticed a six-headed hydra
  5632 | Lair:1   | XOM: swap monsters
  5641 | Lair:1   | Reached skill level 12 in Short Blades
  5644 | Lair:1   | HP: 13/56 [yak (14)]
  5654 | Lair:1   | XOM: potion effect (curing)
  5658 | Lair:1   | XOM: enchant monster (good)
  5967 | Lair:1   | Reached skill level 13 in Short Blades
  6090 | Lair:1   | Noticed an eight-headed hydra
  6106 | Lair:1   | Reached XP level 10. HP: 62/63 MP: 10/10
  6107 | Lair:1   | Killed an eight-headed hydra
  6113 | Lair:1   | Reached skill level 14 in Short Blades
  6116 | Lair:1   | XOM: confusion (+ monsters)
  6118 | Lair:1   | XOM: summons 3 hostile demons
  6122 | Lair:1   | Reached skill level 3 in Dodging
  6129 | Lair:1   | HP: 22/94 [white imp/puff of frost[Xom] (3)]
  6143 | Lair:1   | Reached skill level 4 in Dodging
  6462 | Lair:1   | Noticed a cane toad
  6464 | Lair:1   | Killed a cane toad
  6465 | Lair:1   | Reached skill level 5 in Dodging
  6475 | Lair:1   | XOM: fog
  6739 | Lair:2   | Found an opulent altar of Gozag.
  6740 | Lair:2   | Noticed an oklob plant
  6746 | Lair:2   | Noticed a cane toad
  6760 | Lair:2   | HP: 15/63 [poisoned by a cane toad]
  6765 | Lair:2   | XOM: god gift: scroll of teleportation
  6766 | Lair:2   | HP: 11/63 [poisoned by a cane toad]
  6780 | Lair:1   | XOM: 4-stop teleportation journey
  6818 | Lair:1   | Slain by a komodo dragon

Vanquished Creatures
  A hydra (Lair:1)
  A cane toad (Lair:1)
  2 komodo dragons (Lair:1)
  A polar bear (Lair:1)
  3 blink frogs (Lair:1)
  Eustachio (D:4)
  9 yaks (Lair:1)
  A water moccasin (D:7)
  2 black bears
  A centaur (D:6)
  6 bullfrogs (Lair:1)
  A necrophage (D:4)
  2 scorpions
  2 hounds
  A jelly (D:6)
  Crazy Yiuf (D:4)
  2 orc priests
  2 iguanas
  3 orc wizards (D:4)
  Robin (D:4)
  3 gnolls (D:4)
  2 adders
  A shadow imp (D:7)
  A white imp (D:5)
  An ufetubus (D:5)
  2 worms (D:2)
  3 dart slugs
  9 orcs
  6 bats
  8 endoplasms
  A giant cockroach (D:3)
  12 goblins
  13 hobgoblins
  5 quokkas
  7 ball pythons
  5 frilled lizards
  10 kobolds
  11 rats
143 creatures vanquished.

Vanquished Creatures (others)
  2 fungi (D:9)
  3 plants
5 creatures vanquished.

Grand Total: 148 creatures vanquished

Table legend:
 A = Non-vault XP
 B = Vault XP
 C = Vault XP percentage of total XP
 D = Non-vault monster count
 E = Vault monster count
 F = Vault count percentage of total count
                 A         B        C        D         E       F
            +---------+---------+-------+---------+---------+-------
      Total |    6766 |     421 |   5.9 |     119 |      24 |  16.8
            +---------+---------+-------+---------+---------+-------
        D:1 |      28 |       8 |  22.2 |      18 |       4 |  18.2
        D:2 |      40 |       0 |   0.0 |      21 |       0 |   0.0
        D:3 |      26 |       0 |   0.0 |      15 |       0 |   0.0
        D:4 |     403 |     289 |  41.8 |      24 |      19 |  44.2
        D:5 |     199 |       0 |   0.0 |       6 |       0 |   0.0
        D:6 |     292 |       0 |   0.0 |       8 |       0 |   0.0
        D:7 |     298 |       0 |   0.0 |       4 |       0 |   0.0
     Lair:1 |    5480 |     124 |   2.2 |      23 |       1 |   4.2
            +---------+---------+-------+---------+---------+-------

Illustrated notes

Table legend:
 A = Kills in this place as a percentage of kills in entire the game.
 B = Kills by you in this place as a percentage of kills by you in the entire game.
 C = Kills by friends in this place as a percentage of kills by friends in the entire game.
 D = Other kills in this place as a percentage of other kills in the entire game.
 E = Experience gained in this place as a percentage of experience gained in the entire game.
 F = Experience gained in this place divided by the number of levels of this place that you have seen.
                   A       B       C       D       E      F
               +-------+-------+-------+-------+-------+----------------------
         Total | 100.0 | 100.0 |   N/A |   N/A | 100.0 | 718.7
       Dungeon |  83.2 |  83.2 |   N/A |   N/A |  22.0 | 197.9
          Lair |  16.8 |  16.8 |   N/A |   N/A |  78.0 | 2802.0
               +-------+-------+-------+-------+-------+----------------------

Table legend: (Time is in decaauts)
 A = Elapsed time spent in this place.
 B = Non-inter-level travel time spent in this place.
 C = Inter-level travel time spent in this place.
 D = Time resting spent in this place.
 E = Time spent auto-exploring this place.
 F = Levels seen in this place.
 G = Mean time per level.
                   A        B        C        D        E       F      G
               +--------+--------+--------+--------+--------+-----+--------+
         Total |   6725 |   6580 |    145 |   1204 |   4359 |  10 |  672.5 |
       Dungeon |   5038 |   4920 |    118 |    641 |   3462 |   8 |  629.8 |
          Lair |   1686 |   1660 |     26 |    563 |    897 |   2 |  843.0 |
               +--------+--------+--------+--------+--------+-----+--------+

Top non-repeatable levels by time:
  Lair:1: 1644 daAuts
     D:4: 1315 daAuts
     D:6: 1183 daAuts
     D:2: 896 daAuts
     D:1: 724 daAuts
     D:3: 582 daAuts
     D:7: 169 daAuts
     D:5: 160 daAuts
  Lair:2: 41 daAuts
     D:9: 5 daAuts
